 Dungeon Crawl Stone Soup version 0.30-a0-137-gd8773701ce (webtiles) character file.

Game seed: 9899457556973888428

87 billz999 the Sneak (level 4, -2/30 HPs)
             Began as a Vampire Earth Elementalist on Sept 22, 2022.
             Succumbed to a scorpion's poison
             ... on level 3 of the Dungeon.
             The game lasted 00:04:52 (2498 turns).

billz999 the Sneak (Vampire Earth Elementalist)     Turns: 2498, Time: 00:04:53

Health: -2/30      AC:  4    Str:  7    XL:     4   Next: 28%
Magic:  3/8        EV: 12    Int: 19    God:
Gold:   95         SH:  0    Dex: 14    Spells: 7/8 levels left

rFire   . . .      SeeInvis +    h - +1 dagger (flame)
rCold   . . .      Faith    .    (no shield)
rNeg    . . .      Spirit   .    a - +0 robe
rPois   .          Reflect  .    c - +2 hat
rElec   .          Harm     .    (no cloak)
rCorr   .          Rampage  .    (no gloves)
Will    .....                    (no boots)
Stlth   +++.......               (no amulet)
HPRegen 0.30/turn                (no ring)
MPRegen 0.11/turn                (no ring)

@: lethally poisoned (-2 -> -19), about to teleport, healing quickly, invisible
A: alive, fangs 3, see invisible, vampiric 2
a: Exsanguinate


You were on level 3 of the Dungeon.
You visited 1 branch of the dungeon, and saw 3 of its levels.

You collected 95 gold pieces.

Inventory:

Hand Weapons
 h - a +1 dagger of flaming (weapon)
Missiles
 m - 3 javelins
Armour
 a - a +0 robe (worn)
 c - a +2 hat (worn)
Jewellery
 k - a ring of poison resistance
Scrolls
 d - a scroll of identify {unknown}
 f - 2 scrolls of teleportation
 j - 3 scrolls of enchant weapon {unknown}
 l - a scroll of enchant armour {unknown}
 n - a scroll of fear {unknown}
 p - 2 scrolls of noise {unknown}
Potions
 b - a potion of magic
 e - a potion of invisibility
 g - 2 potions of heal wounds {unknown}
 i - a potion of might {unknown}
 o - a potion of curing {unknown}


   Skills:
 - Level 2.1 Dodging
 + Level 4.4 Stealth
 + Level 2.7 Spellcasting
 + Level 2.3 Transmutations
 + Level 3.6 Earth Magic


You had 7 spell levels left.
You knew the following spells:

 Your Spells              Type           Power      Damage    Failure   Level
a - Sandblast             Erth           32%        2d9       3%          1

Your spell library contained the following spells:

 Spells                   Type           Power      Damage    Failure   Level
 Passwall                 Tmut/Erth      11%        N/A       7%          2
 Stone Arrow              Conj/Erth      18%        3d8       22%         3
 Scorch                   Fire           4%         2d5       24%         2
 Petrify                  Tmut/Erth      14%        N/A       41%         4
 Flame Wave               Conj/Fire      2%         2d4       83%         4
 Summon Cactus Giant      Summ           1%         N/A       100%        6


Dungeon Overview and Level Annotations

Branches:
Dungeon (3/15)

Altars:

Shops:
D:1 !


Innate Abilities, Weirdness & Mutations

Your natural rate of healing is accelerated.
You have razor-sharp teeth.
You have supernaturally acute eyesight. (SInv)
You are afflicted with vampirism and can become a bat while bloodless.


Message History

Press: ? - help, Shift-Dir - straight line, f - scorpion
Aim: a scorpion (82% to hit)
The blast of sand hits the scorpion!
The scorpion is heavily wounded.
The bat hits you. The bat barely misses you.
The scorpion stings you but does no damage.
An orc comes into view. It is wielding a +0 short sword.
The scorpion stings you.
Casting: Sandblast (safe; 3% risk of failure)
Confirm with . or Enter, or press ? or * to list all spells.
Aiming: Sandblast (safe; 3% risk of failure)
Press: ? - help, Shift-Dir - straight line, f/p - scorpion
Aim: a scorpion (heavily wounded, 82% to hit)
The blast of sand hits the scorpion.
The scorpion is severely wounded.
The orc shouts!
The bat hits you but does no damage. The scorpion barely misses you.
The scorpion stings you.
You are poisoned.
The scorpion poisons you!
Casting: Sandblast (safe; 3% risk of failure)
Confirm with . or Enter, or press ? or * to list all spells.
Aiming: Sandblast (safe; 3% risk of failure)
Press: ? - help, Shift-Dir - straight line, f/p - scorpion
Aim: a scorpion (severely wounded, 82% to hit)
The blast of sand hits the scorpion but does no damage.
The scorpion is severely wounded.
You feel very sick. The scorpion stings you. The orc hits you with a +0 flail.
You feel sick. The scorpion stings you.
* * * LOW HITPOINT WARNING * * *
As you read the scroll labelled WUYRUL AHODIOTSYLO, it crumbles to dust.
You feel strangely unstable.
It was a scroll of teleportation.
You feel sick. The scorpion stings you.
* * * LOW HITPOINT WARNING * * *
You are more poisoned.
The scorpion poisons you! The orc misses you.
It was a potion of invisibility.
You fade into invisibility!
You die...

.....#.# .....#.#
.....#.###########
#+##.............#
......###..#####.###
......# ##.#####...
......# #.......#
......# #.......#
......# ##.....@#
......# #....os##
####### #.....bo## #
#######o.# # ##..# #
...... # ####..... #
..### # #.#


You could see a scorpion (unable to see you), 3 orcs and a bat.

Vanquished Creatures
  3 adders (D:2)
  3 dart slugs
  An orc (D:3)
  3 endoplasms
  2 giant cockroaches
  4 hobgoblins (D:1)
  6 kobolds
  4 quokkas
  9 ball pythons
  2 bats (D:1)
  4 frilled lizards
  7 goblins
  3 rats
51 creatures vanquished.

Vanquished Creatures (others)
  2 fungi (D:3)
2 creatures vanquished.

Grand Total: 53 creatures vanquished

Notes
Turn   | Place    | Note
-------+----------+-------------------------------------------
     0 | D:1      | billz999 the Vampire Earth Elementalist began the quest for
                  | the Orb.
     0 | D:1      | Reached XP level 1. HP: 13/13 MP: 3/3
   422 | D:1      | Reached XP level 2. HP: 19/19 MP: 3/5
   601 | D:1      | Found Ycuuhaz's Distillery.
  1089 | D:1      | Gained mutation: You are afflicted with vampirism and can
                  | become a bat while bloodless. [Vampire growth]
  1089 | D:1      | Reached XP level 3. HP: 24/24 MP: 3/6
  1780 | D:2      | Reached skill level 4 in Stealth
  2197 | D:2      | Reached XP level 4. HP: 27/30 MP: 4/7
  2489 | D:3      | Noticed a scorpion
  2497 | D:3      | HP: 1/30 [scorpion (6)]
  2498 | D:3      | Succumbed to a scorpion's poison

Illustrated notes

Levels and vault maps discovered:
D:1:      ebering_trefoil_3fold, layout_basic, serial_shops, shop,
          minmay_misc_feat_roman
D:2:      layout_loops_ring
D:3:      layout_basic, shapermc_ecumenical_altar_acropolis

Skill      XL: |  1  2  3 |
---------------+----------+-----
Transmutations | 2 |  2.3
Stealth        | 4 |  4.4
Dodging        | |  2.1
Spellcasting   | |  2.7
Earth Magic    | |  3.6

Action                   |  1- 3 |  4- 6 || total
-------------------------+-------+-------++-------
Melee: Dagger            |     1 |     4 ||     5
 Cast: Sandblast         |    54 |    11 ||    65
  Use: Scroll            |       |     1 ||     1
       Potion            |       |     1 ||     1
 Stab: Sleeping          |       |     2 ||     2
Armor: Robe              |     7 |     4 ||    11
Dodge: Dodged            |     5 |    11 ||    16

Table legend: (Time is in decaauts)
 A = Elapsed time spent in this place.
 B = Non-inter-level travel time spent in this place.
 C = Inter-level travel time spent in this place.
 D = Time resting spent in this place.
 E = Time spent auto-exploring this place.
 F = Levels seen in this place.
 G = Mean time per level.
                   A        B        C        D        E       F      G
               +--------+--------+--------+--------+--------+-----+--------+
         Total |   2530 |   2472 |     58 |      7 |   2200 |   3 |  843.3 |
       Dungeon |   2530 |   2472 |     58 |      7 |   2200 |   3 |  843.3 |
               +--------+--------+--------+--------+--------+-----+--------+

Top non-repeatable levels by time:
     D:1: 1498 daAuts
     D:2: 924 daAuts
     D:3: 106 daAuts
